 Dungeon Crawl Stone Soup version 0.32-a0-361-g289a535e89 (webtiles) character file.

Game seed: 15713900896783483642

104 eruonna the Ruffian (level 4, -2/38 HPs)
             Began as a Ghoul Monk on Feb 19, 2024.
             Was a Believer of Uskayaw.
             Incinerated by a bombardier beetle (6 damage)
             ... with a burning spray
             ... on level 3 of the Dungeon.
             The game lasted 00:07:27 (1421 turns).

eruonna the Ruffian (Ghoul Monk)                    Turns: 1421, Time: 00:07:28

Health: -2/38      AC:  3    Str: 14    XL:     4   Next: 80%
Magic:  4/4        EV: 12    Int:  9    God:    Uskayaw [**....]
Gold:   153        SH:  0    Dex: 13    Spells: 3/3 levels left

rFire   . .          .
                       - Unarmed
rCold   + . .        c - orb {light}
rNeg    + + +        a - +1 robe
rPois   ∞            (no helmet)
rElec   .            (no cloak)
rCorr   .            (no gloves)
SInv    .            (no boots)
Will    .....        (no amulet)
Stlth   +            (no ring)
HPRegen 0.26/turn    (no ring)
MPRegen 0.09/turn

%: no passive effects
@: on fire, glowing
A: claws 1, cold resistance 1, negative energy resistance 3, inhibited
regeneration, torment resistance 2, devour on kill
a: Renounce Religion, Stomp, Line Pass


You were on level 3 of the Dungeon.
You worshipped Uskayaw.
Uskayaw was noncommittal.
You visited 1 branch of the dungeon, and saw 3 of its levels.

You collected 153 gold pieces.

Inventory:

Missiles
 i - 6 stones (quivered)
Armour
 a - a +1 robe (worn)
 c - an orb of light (worn)
Jewellery
 k - a ring of magical power
Scrolls
 h - a scroll of immolation {unknown}
 j - a scroll of fear {unknown}
Potions
 b - a potion of ambrosia
 e - a potion of lignification {unknown}
 f - 2 potions of curing
 g - a potion of enlightenment {unknown}


   Skills:
 - Level 3.2 Fighting
 - Level 2.6 Dodging
 + Level 5.9 Unarmed Combat


You had 3 spell levels left.
You didn't know any spells.
Your spell library was empty.

Dungeon Overview and Level Annotations

Branches:
Dungeon (3/15)

Altars:
Uskayaw

Shops:
D:2 :


Innate Abilities, Weirdness & Mutations

You are immune to poison.
You have sharp fingernails.
Your flesh is cold resistant. (rC+)
You are immune to negative energy. (rN+++)
You do not regenerate when monsters are visible.
You are immune to unholy pain and torment.
You thrive by killing the living.


Message History

You scratch the bombardier beetle.
The bombardier beetle is almost dead.
The liquid fire burns you! The endoplasm hits you.
You scratch the bombardier beetle but do no damage.
The bombardier beetle is almost dead.
The liquid fire burns you!
The endoplasm hits you but does no damage.
The bombardier beetle bites you.
You claw the bombardier beetle!
You kill the bombardier beetle!
The liquid fire burns you! The endoplasm freezes you.
You are frozen.
You resist.
You scratch the endoplasm.
The endoplasm is moderately wounded.
The liquid fire burns you!
* * * LOW HITPOINT WARNING * * *
The endoplasm hits you.
* * * LOW HITPOINT WARNING * * *
You scratch the endoplasm.
The endoplasm is severely wounded.
The liquid fire burns you!
* * * LOW HITPOINT WARNING * * *
The endoplasm hits you but does no damage.
You scratch the endoplasm.
You kill the endoplasm!
You feel better. The liquid fire burns you!
* * * LOW HITPOINT WARNING * * *
You shake off some of the fire as you move.
The liquid fire burns you!
* * * LOW HITPOINT WARNING * * *
There is a stone staircase leading up here.
As you read the scroll labelled ETTIUQEIGILI, it crumbles to dust.
It is a scroll of identify.
f - 2 potions of curing The liquid fire burns you!
You die...
Your body falls in perfect tune with the rhythm.

####
#..
##.#
##..#
#.@##
#.##
...
.....
....#..
...##..
... <..
.. ..#


There were no monsters in sight!

Vanquished Creatures
  A bombardier beetle (D:3)
  A gnoll (D:1)
  3 ribbon worms (D:2)
  4 endoplasms
  3 giant cockroaches (D:1)
  A goblin (D:1)
  5 hobgoblins
  3 quokkas
  2 ball pythons
  A bat (D:2)
  A frilled lizard (D:2)
  6 kobolds
  3 rats
34 creatures vanquished.

Notes
Turn   | Place    | Note
-------+----------+-------------------------------------------
     0 | D:1      | eruonna the Ghoul Monk began the quest for the Orb.
     0 | D:1      | Reached XP level 1. HP: 19/19 MP: 1/1
   147 | D:1      | Reached XP level 2. HP: 22/26 MP: 2/2
   152 | D:1      | Reached skill level 4 in Unarmed Combat
   185 | D:1      | Found a faded altar of an unknown god.
   213 | D:1      | Prayed at the altar of an unknown god.
   213 | D:1      | Became a worshipper of Uskayaw the Reveller
   213 | D:1      | Reached * piety under Uskayaw
   213 | D:1      | Reached ** piety under Uskayaw
   369 | D:1      | Reached XP level 3. HP: 31/31 MP: 3/3
   664 | D:2      | Reached skill level 5 in Unarmed Combat
  1105 | D:2      | Reached XP level 4. HP: 35/38 MP: 4/4
  1126 | D:2      | Reached *** piety under Uskayaw
  1261 | D:2      | Found Ygurchal's Book Shop.
  1421 | D:3      | Incinerated by a bombardier beetle

Illustrated notes

Levels and vault maps discovered:
D:1:      ldierk_walled_garden, layout_rooms,
          hellmonk_ecumenical_altar_pennies_from_heaven
D:2:      layout_loops_corners, serial_shops, nicolae_book_shop_shelving
D:3:      minmay_door_path, layout_rooms, ebering_ghost_sewer_d

Skill      XL: |  1  2  3 |
---------------+----------+-----
Unarmed Combat | 4 5 |  5.9
Fighting       | |  3.2
Dodging        | |  2.6

Action                     |  1- 3 |  4- 6 || total
---------------------------+-------+-------++-------
  Melee: Unarmed           |    58 |    27 ||    85
  Throw: Stone             |    18 |     2 ||    20
    Use: Scroll            |     2 |     1 ||     3
   Stab: Paralysed         |       |     1 ||     1
 Armour: Robe              |    25 |    13 ||    38
  Dodge: Dodged            |    20 |     6 ||    26

Table legend: (Time is in decaauts)
 A = Elapsed time spent in this place.
 B = Non-inter-level travel time spent in this place.
 C = Inter-level travel time spent in this place.
 D = Time resting spent in this place.
 E = Time spent auto-exploring this place.
 F = Levels seen in this place.
 G = Mean time per level.
                   A        B        C        D        E       F      G
               +--------+--------+--------+--------+--------+-----+--------+
         Total |   1419 |   1356 |     63 |     14 |    999 |   3 |  473.0 |
       Dungeon |   1419 |   1356 |     63 |     14 |    999 |   3 |  473.0 |
               +--------+--------+--------+--------+--------+-----+--------+

Top non-repeatable levels by time:
     D:2: 810 daAuts
     D:1: 596 daAuts
     D:3: 12 daAuts
